[Event "*** SCC Grand Prix: Titled Tuesday Blitz"]
[Site "Chess.com"]
[Date "2020.07.21"]
[Round "8"]
[White "blitzking1729"]
[Black "albano87"]
[Result "1-0"]
[WhiteElo "2583"]
[BlackElo "2411"]
[TimeControl "180+1"]
[EndTime "11:31:46 PDT"]
[Termination "blitzking1729 won by resignation"]

1. c4 e6 2. Nf3 d5 3. b3 Nf6 4. Bb2 Be7 5. g3 O-O 6. Bg2 c5 7. O-O Nc6 8. e3 a6 9. Qe2 Rb8 10. d4 cxd4 11. exd4 dxc4 12. bxc4 Qa5 13. Nbd2 Rd8 14.
Nb3 Qh5 15. Rfe1 b5 16. cxb5 axb5 17. Rac1 Nb4 18. Ba3 Ra8 19. Bxb4 Bxb4 20. Ne5 Qxe2 21. Rxe2 Nd5 22. Nc6 Ba3 23. Nxd8 Bxc1 24. Bxd5 1-0

[Event "*** SCC Grand Prix: Titled Tuesday Blitz"]
[Site "Chess.com"]
[Date "2020.07.21"]
[Round "8"]
[White "swimmerchess"]
[Black "bgfbfbgfbgfgf"]
[Result "1-0"]
[WhiteElo "2804"]
[BlackElo "2636"]
[TimeControl "180+1"]
[EndTime "11:31:47 PDT"]
[Termination "swimmerchess won by resignation"]

1. e4 c5 2. Nf3 d6 3. d4 cxd4 4. Nxd4 Nf6 5. Nc3 a6 6. Bg5 e6 7. f4 h6 8. Bh4 Qb6 9. Qd2 Qxb2 10. Rb1 Qa3 11. e5 dxe5 12. fxe5 Nfd7 13. Ne4 Qxa2 14.
Rd1 Qd5 15. Qe3 Qxe5 16. Be2 Bb4+ 17. c3 Be7 18. Bg3 Qa5 19. Nd6+ Bxd6 20. Bxd6 Nf6 21.
O-O Bd7 22. Nf5 Rg8 23. Bb4 Qc7 24. Nd6+ Kd8 25. Nxf7+ Kc8 26. Nd6+ Kd8 27. Ba5 1-0

[Event "*** SCC Grand Prix: Titled Tuesday Blitz"]
[Site "Chess.com"]
[Date "2020.07.21"]
[Round "8"]
[White "diablanni"]
[Black "TioCridineno"]
[Result "1-0"]
[WhiteElo "2335"]
[BlackElo "2173"]
[TimeControl "180+1"]
[EndTime "11:32:10 PDT"]
[Termination "diablanni won by resignation"]

1. e4 c5 2. Nf3 d6 3. Bb5+ Bd7 4.
Bxd7+ Qxd7 5. c4 Nc6 6. d4 cxd4 7.
Nxd4 g6 8. b3 Bg7 9. Bb2 Nf6 10.
Nc3 O-O 11. O-O Rfd8 12. Re1 Rac8 13. Nd5 Nb8 14. Qd2 e6 15. Nxf6+ Bxf6 16. Rad1 d5 17.
cxd5 exd5 18. e5 Bg7 19. e6 fxe6 20. Nxe6 Bxb2 21. Nxd8 Bc3 22. Qxd5+ Qxd5 23. Re8+ Kg7 24. Rxd5 Nc6 25. Ne6+ Kf7 26. Rxc8 Kxe6 27. Rd3 1-0

[Event "*** SCC Grand Prix: Titled Tuesday Blitz"]
[Site "Chess.com"]
[Date "2020.07.21"]
[Round "8"]
[White "monalize"]
[Black "romulocardoso"]
[Result "1-0"]
[WhiteElo "2271"]
[BlackElo "2130"]
[TimeControl "180+1"]
[EndTime "11:32:20 PDT"]
[Termination "monalize won by resignation"]

1. e4 c5 2. Nf3 d6 3. d4 cxd4 4. Qxd4 Nf6 5. h3 Nc6 6. Qe3 g6 7. Be2 Bg7 8. O-O O-O 9. Rd1 Bd7 10. c4 Ne5 11. Nxe5 dxe5 12. b3 Qc7 13. Ba3 Bc6 14.
Nc3 Rfd8 15. Nd5 Bxd5 16. cxd5 Rac8 17. Rac1 Qd7 18. Bd3 h5 19. Qxa7 Ra8 20. Qc5 b6 21.
Qxe7 Re8 22. Qxd7 Nxd7 23. Bd6 Rxa2 24. Bb5 Rd8 25. Bc7 Rda8 26. Bxd7 R8a3 27. Ba4 b5 28. Bxb5 Rxb3 29. Bc4 Rbb2 30. Bxa2 Rxa2 1-0

[Event "*** SCC Grand Prix: Titled Tuesday Blitz"]
[Site "Chess.com"]
[Date "2020.07.21"]
[Round "8"]
[White "Agibileg"]
[Black "Josip_buje"]
[Result "1-0"]
[WhiteElo "2408"]
[BlackElo "2275"]
[TimeControl "180+1"]
[EndTime "11:32:21 PDT"]
[Termination "Agibileg won by resignation"]

1. d4 d5 2. c4 c6 3. Nc3 Nf6 4. Nf3 Bf5 5. Bg5 Ne4 6. Nxe4 dxe4 7. Nh4 Bg4 8. h3 Bh5 9. g4 Bg6 10. Bg2 Nd7 11. Nxg6 hxg6 12. Bxe4 Qc7 13. Qd2 e6 14. O-O-O Qb6 15. c5 Qa6 16. Kb1 Nf6 17. Bd3 b5 18.
e4 Be7 19. f4 O-O-O 20. Bc2 Rd7 21. f5 gxf5 22. gxf5 exf5 23. Bxf6 Bxf6 24. e5 Bxe5 25. Bxf5 Bf6 26. d5 1-0

[Event "*** SCC Grand Prix: Titled Tuesday Blitz"]
[Site "Chess.com"]
[Date "2020.07.21"]
[Round "8"]
[White "AwareIdea"]
[Black "QueenOfTactics90"]
[Result "1-0"]
[WhiteElo "2459"]
[BlackElo "1976"]
[TimeControl "180+1"]
[EndTime "11:32:21 PDT"]
[Termination "AwareIdea won by checkmate"]

1. d4 Nf6 2. Nc3 e6 3. Bf4 d5 4. e3 c6 5. Nf3 Bd6 6. Ne5 O-O 7.
Qf3 Bb4 8. Bd3 Nbd7 9. g4 Nxe5 10. Bxe5 Ne8 11. g5 f6 12. gxf6 Nxf6 13. Qh3 Ne4 14. Bxe4 dxe4 15. Rg1 Rf7 16. O-O-O Bxc3 17. bxc3 Qa5 18.
Qh6 g6 19. Rxg6+ hxg6 20. Qh8# 1-0

[Event "*** SCC Grand Prix: Titled Tuesday Blitz"]
[Site "Chess.com"]
[Date "2020.07.21"]
[Round "8"]
[White "IwkooO"]
[Black "VovenRogel"]
[Result "1-0"]
[WhiteElo "2642"]
[BlackElo "2735"]
[TimeControl "180+1"]
[EndTime "11:32:22 PDT"]
[Termination "IwkooO won by resignation"]

1. e4 e5 2. Nf3 Nc6 3. Bb5 Nf6 4. O-O Nxe4 5. Re1 Nd6 6. Nxe5 Be7 7. Bf1 Nxe5 8.
Rxe5 O-O 9. d4 Bf6 10. Re1 Re8 11. c3 Rxe1 12. Qxe1 Ne8 13. Bf4 d5 14. Bd3 c6 15.
Nd2 Nd6 16. Qe2 Bf5 17. Re1 g6 18. h3 a5 19. Be5 a4 20. Qf3 Bxd3 21. Bxf6 Be4 22.
Nxe4 dxe4 23. Rxe4 Qxf6 24. Qxf6 Nxe4 25. Qe7 a3 26. Qxe4 axb2 27. Qb1 1-0

[Event "*** SCC Grand Prix: Titled Tuesday Blitz"]
[Site "Chess.com"]
[Date "2020.07.21"]
[Round "8"]
[White "Hikaru"]
[Black "Indianlad"]
[Result "1-0"]
[WhiteElo "3256"]
[BlackElo "2982"]
[TimeControl "180+1"]
[EndTime "11:32:43 PDT"]
[Termination "Hikaru won by resignation"]

1. Nf3 d5 2. e3 Nf6 3. c4 e6 4. Nc3 dxc4 5. Bxc4 a6 6. d4 b5 7. Be2 Bb7 8. O-O Nbd7 9. b3 c5 10. Bb2 Rc8 11. a4 b4 12. Nb1 Be7 13. Nbd2 O-O 14. Nc4 cxd4 15. Nxd4 Nd5 16. Rc1 Nc5 17. Bf3 Bf6 18.
a5 Nc3 19. Bxc3 Bxf3 20. Qxf3 bxc3 21. Rxc3 Bxd4 22. exd4 Qxd4 23. Rd1 Qe4 24. Nd6 Qxf3 25. gxf3 1-0

[Event "*** SCC Grand Prix: Titled Tuesday Blitz"]
[Site "Chess.com"]
[Date "2020.07.21"]
[Round "8"]
[White "KaterynaLagno"]
[Black "Ermito2020"]
[Result "0-1"]
[WhiteElo "2716"]
[BlackElo "2604"]
[TimeControl "180+1"]
[EndTime "11:32:45 PDT"]
[Termination "Ermito2020 won by resignation"]

1. e4 e5 2. Nf3 Nc6 3. Bb5 a6 4. Ba4 Nf6 5. O-O b5 6. Bb3 Bc5 7. a4 Rb8 8. axb5 axb5 9. Nxe5 Nxe5 10. d4 Bxd4 11. Qxd4 d6 12. f4 c5 13. Qc3 Neg4 14.
e5 Ne4 15. Qf3 c4 16. Qxe4 Qb6+ 17. Kh1 Nf2+ 18. Rxf2 Qxf2 19. exd6+ Be6 20. d7+ Ke7 21. Be3 Qe1+ 22. Bg1 Qxe4 0-1

[Event "*** SCC Grand Prix: Titled Tuesday Blitz"]
[Site "Chess.com"]
[Date "2020.07.21"]
[Round "8"]
[White "kidagent"]
[Black "Shuvalov"]
[Result "0-1"]
[WhiteElo "2204"]
[BlackElo "2485"]
[TimeControl "180+1"]
[EndTime "11:32:52 PDT"]
[Termination "Shuvalov won by resignation"]

1. e4 e6 2. d4 d5 3. Nc3 Bb4 4. e5 c5 5. a3 Bxc3+ 6. bxc3 Ne7 7. Qg4 cxd4 8. Qxg7 Rg8 9. Qxh7 Qc7 10. Ne2 Nbc6 11. h4 Bd7 12. Rh3 dxc3 13. Rxc3 Qxe5 14. Bf4 Qh8 15.
Qxh8 Rxh8 16. g3 f6 17. Bd6 Nf5 18. Bc5 b6 19. g4 Nxh4 20. Be3 Nf3+ 21. Kd1 d4 22. Bg2 dxc3 23. Bxf3 O-O-O 0-1

[Event "*** SCC Grand Prix: Titled Tuesday Blitz"]
[Site "Chess.com"]
[Date "2020.07.21"]
[Round "8"]
[White "DenisQ"]
[Black "r31415"]
[Result "1-0"]
[WhiteElo "2632"]
[BlackElo "2449"]
[TimeControl "180+1"]
[EndTime "11:32:54 PDT"]
[Termination "DenisQ won by resignation"]

1. c4 d6 2. Nc3 f5 3. g3 Nf6 4.
Bg2 g6 5. Nf3 Bg7 6. O-O O-O 7.
d3 e5 8. Rb1 Nc6 9. b4 h6 10.
b5 Ne7 11. c5 g5 12. Qb3+ Kh7 13. Ba3 e4 14. dxe4 fxe4 15. cxd6 cxd6 16. Nd4 e3 17. fxe3 Ng4 18. Rxf8 Qxf8 19. Rf1 Qd8 20. Nd5 Nxd5 21. Bxd5 Qb6 22. Qd3+ Kh8 23. Qg6 Bd7 24. Rf7 Rg8 25. Rxd7 Nxe3 26. Bxg8 1-0

[Event "*** SCC Grand Prix: Titled Tuesday Blitz"]
[Site "Chess.com"]
[Date "2020.07.21"]
[Round "8"]
[White "gagtemp"]
[Black "VladimirBugayev"]
[Result "0-1"]
[WhiteElo "1961"]
[BlackElo "2148"]
[TimeControl "180+1"]
[EndTime "11:33:01 PDT"]
[Termination "VladimirBugayev won by resignation"]

1. e4 c6 2. d4 d5 3. exd5 cxd5 4. c4 Nf6 5. Nc3 g6 6. cxd5 Bg7 7. Qb3 O-O 8. Nf3 Nbd7 9. Bd3 Nb6 10. O-O Nfxd5 11. Ne5 Be6 12. Qd1 Rc8 13. Bd2 Nb4 14. Be4 Qxd4 15.
Nf3 Qd7 16. a3 N4d5 17. Qe2 Nxc3 18. Bxc3 Bc4 19. Qe3 Bxf1 20. Kxf1 Bxc3 21. bxc3 Nd5 22.
Qh6 Nf6 23. Ng5 Qg4 24. Bf3 Qc4+ 25. Be2 Qxc3 26. Rd1 Rfd8 27. h4 Rxd1+ 28. Bxd1 Qd3+ 29. Kg1 Qxd1+ 30. Kh2 Qd6+ 31. g3 Qd2 32. Kg2 Rc2 33. Ne4 Qxh6 0-1

[Event "*** SCC Grand Prix: Titled Tuesday Blitz"]
[Site "Chess.com"]
[Date "2020.07.21"]
[Round "8"]
[White "chessbia"]
[Black "Gulkov_Igor"]
[Result "0-1"]
[WhiteElo "2197"]
[BlackElo "2392"]
[TimeControl "180+1"]
[EndTime "11:33:05 PDT"]
[Termination "Gulkov_Igor won by resignation"]

1. d4 Nf6 2. c4 g6 3. Nc3 Bg7 4. e4 d6 5. h3 O-O 6. Be3 e5 7. d5 c6 8. g4 Na6 9. Nge2 Nc5 10. Ng3 a5 11. Be2 cxd5 12. cxd5 Bd7 13. a4 Ne8 14. O-O Bf6 15. Kg2 Bg5 16. f4 exf4 17. Bxf4 Bxf4 18.
Rxf4 Qe7 19. Qg1 Qe5 20. Raf1 Bxa4 21. Nxa4 Nxa4 22. b3 Nc5 23. Bc4 Nc7 24. h4 b5 25.
Be2 b4 26. Bc4 a4 27. bxa4 Rxa4 28. R1f2 Ra3 29. Qe1 Rc3 30. Ba2 Nd3 0-1

[Event "*** SCC Grand Prix: Titled Tuesday Blitz"]
[Site "Chess.com"]
[Date "2020.07.21"]
[Round "8"]
[White "CroissantNeuf"]
[Black "Supernotar"]
[Result "0-1"]
[WhiteElo "2444"]
[BlackElo "2718"]
[TimeControl "180+1"]
[EndTime "11:33:07 PDT"]
[Termination "Supernotar won by resignation"]

1. e4 c6 2. Nc3 d5 3. Nf3 Bg4 4. h3 Bxf3 5. Qxf3 e6 6. Be2 Nf6 7. O-O dxe4 8. Nxe4 Nxe4 9. Qxe4 Nd7 10. Rd1 Nf6 11. Qf3 Be7 12. d4 O-O 13. Bf4 Nd5 14.
Bd2 b5 15. c3 Bf6 16. Bd3 g6 17. a4 a6 18. axb5 axb5 19. Rxa8 Qxa8 20. Be4 Bg7 21.
h4 h5 22. Bg5 Qa2 23. Bc1 Ra8 24. Qd3 Qb3 25. Re1 Ra1 26. Bxg6 fxg6 27. Qe4 Ne7 28. Qxg6 Nxg6 0-1

[Event "*** SCC Grand Prix: Titled Tuesday Blitz"]
[Site "Chess.com"]
[Date "2020.07.21"]
[Round "8"]
[White "Chessmatus"]
[Black "AniJak"]
[Result "1-0"]
[WhiteElo "2425"]
[BlackElo "2302"]
[TimeControl "180+1"]
[EndTime "11:33:07 PDT"]
[Termination "Chessmatus won by checkmate"]

1. e4 c6 2. d4 d5 3. e5 Bf5 4. Nf3 e6 5. Be2 h6 6. O-O g5 7. Nbd2 Bg7 8. Ne1 Ne7 9. Nb3 O-O 10.
f4 Ng6 11. Bd3 Bxd3 12. Nxd3 f6 13. Nbc5 Qe7 14. Qh5 Nh4 15. exf6 Qxf6 16. Ne5 b6 17. Ncd3 c5 18. Be3 Nf5 19. fxg5 Qd8 20. gxh6 Nxe3 21. h7+ Kh8 22. Ng6# 1-0

[Event "*** SCC Grand Prix: Titled Tuesday Blitz"]
[Site "Chess.com"]
[Date "2020.07.21"]
[Round "8"]
[White "DonPreuss"]
[Black "HanSchut"]
[Result "0-1"]
[WhiteElo "2165"]
[BlackElo "2311"]
[TimeControl "180+1"]
[EndTime "11:33:07 PDT"]
[Termination "HanSchut won by resignation"]

1. d4 Nf6 2. Nc3 d5 3. e4 dxe4 4. f3 Bf5 5. fxe4 Nxe4 6. Qf3 Nd6 7. Bf4 Bg6 8. Bxd6 cxd6 9. Qxb7 Nd7 10. Bb5 Rc8 11.
Qxa7 Qc7 12. Bxd7+ Qxd7 13. Qxd7+ Kxd7 14. O-O-O e6 15. a3 d5 16. Nf3 Bxa3 17. bxa3 Rxc3 18.
Kb2 Rhc8 19. Ne5+ Kd6 20. Nxg6 Rxc2+ 21. Kb1 hxg6 22. Rc1 Rxc1+ 23. Rxc1 Rxc1+ 24. Kxc1 Kc6 25. h4 f6 26. g4 e5 27. Kc2 e4 28. h5 gxh5 29. gxh5 f5 0-1

[Event "*** SCC Grand Prix: Titled Tuesday Blitz"]
[Site "Chess.com"]
[Date "2020.07.21"]
[Round "8"]
[White "ecwinslow"]
[Black "pedro_nascimento85"]
[Result "1-0"]
[WhiteElo "2196"]
[BlackElo "1914"]
[TimeControl "180+1"]
[EndTime "11:33:15 PDT"]
[Termination "ecwinslow won by checkmate"]

1. e4 e6 2. d4 d5 3. Nd2 c5 4.
Ngf3 cxd4 5. Nxd4 dxe4 6. Nxe4 Nd7 7. Bf4 e5 8. Qe2 Be7 9. Nf5 exf4 10. O-O-O Ngf6 11. Nxf6+ gxf6 12. Qh5 O-O 13. Qg4+ Kh8 14. Qg7# 1-0

[Event "*** SCC Grand Prix: Titled Tuesday Blitz"]
[Site "Chess.com"]
[Date "2020.07.21"]
[Round "8"]
[White "elohunter1999"]
[Black "Quattroporte300"]
[Result "0-1"]
[WhiteElo "2454"]
[BlackElo "2355"]
[TimeControl "180+1"]
[EndTime "11:33:24 PDT"]
[Termination "Quattroporte300 won by resignation"]

1. e4 e5 2. Nf3 Nc6 3. Bb5 a6 4. Ba4 Nf6 5. O-O Be7 6. Re1 b5 7. Bb3 O-O 8. c3 d5 9. exd5 Nxd5 10. Nxe5 Nxe5 11. Rxe5 c6 12. d3 Bd6 13. Re1 Bf5 14.
Qf3 Bg6 15. d4 Qh4 16. g3 Qh3 17. Bxd5 cxd5 18. Qxd5 Rae8 19. Rxe8 Rxe8 20. Be3 Be4 21. Qxe4 Rxe4 22. Nd2 Re6 23. Nf1 h5 24. a4 bxa4 25.
Rxa4 Bc7 26. d5 Rg6 27. c4 h4 28. Ra3 hxg3 29. fxg3 Rf6 30. Bf2 Qf5 0-1

[Event "*** SCC Grand Prix: Titled Tuesday Blitz"]
[Site "Chess.com"]
[Date "2020.07.21"]
[Round "8"]
[White "AsaHoffmann"]
[Black "UKR_Master"]
[Result "1-0"]
[WhiteElo "2431"]
[BlackElo "2317"]
[TimeControl "180+1"]
[EndTime "11:33:24 PDT"]
[Termination "AsaHoffmann won by resignation"]

1. d4 Nf6 2. Bg5 e6 3. Nd2 d5 4.
e3 Nbd7 5. f4 Be7 6. Ngf3 Ne4 7.
Bxe7 Qxe7 8. Nxe4 dxe4 9. Nd2 f5 10. Bc4 c5 11. c3 a6 12. a4 b6 13. O-O O-O 14. Qb3 Rf6 15. d5 Rb8 16. dxe6 Nf8 17. Rad1 Bxe6 18. Bxe6+ Qxe6 19. Qc4 Rd8 20. Qxa6 Qf7 21.
Nc4 Rd3 22. Ne5 Rxd1 23. Nxf7 Rxf1+ 24. Kxf1 Kxf7 25. Qb7+ Kg6 26. h3 h5 27. g4 hxg4 28. hxg4 fxg4 29. Qxe4+ Kh5 30. Qe5+ Kh6 31. Qg5+ Kh7 32.
Qxg4 Ng6 33. Kf2 Nh4 34. Qxh4+ 1-0

[Event "*** SCC Grand Prix: Titled Tuesday Blitz"]
[Site "Chess.com"]
[Date "2020.07.21"]
[Round "8"]
[White "ljuks68"]
[Black "CaspiIsrael"]
[Result "1-0"]
[WhiteElo "2457"]
[BlackElo "2606"]
[TimeControl "180+1"]
[EndTime "11:33:32 PDT"]
[Termination "ljuks68 won by checkmate"]

1. e4 d5 2. exd5 Qxd5 3. Nc3 Qd6 4. d4 Nf6 5. Nf3 a6 6. Ne5 Nc6 7. Bf4 Bf5 8. Ng6 Qxd4 9. Qxd4 Nxd4 10. O-O-O hxg6 11. Rxd4 c6 12. h3 Rd8 13. Rxd8+ Kxd8 14. Bc4 Ke8 15. a4 Ne4 16. Nxe4 Bxe4 17. f3 Bd5 18. Bxd5 cxd5 19. Rd1 e6 20. Rd3 Kd7 21. Rb3 Kc6 22.
Rc3+ Kb6 23. Be3+ Ka5 24. Rc7 f6 25. Rxb7 Kxa4 26. b3+ Ka3 27. Kb1 a5 28. Bc1# 1-0

[Event "*** SCC Grand Prix: Titled Tuesday Blitz"]
[Site "Chess.com"]
[Date "2020.07.21"]
[Round "8"]
[White "checkmatequen"]
[Black "aNaartjieZA"]
[Result "1/2-1/2"]
[WhiteElo "2320"]
[BlackElo "2451"]
[TimeControl "180+1"]
[EndTime "11:33:32 PDT"]
[Termination "Game drawn by agreement"]

1. e4 e6 2. d4 d5 3. Nd2 Nf6 4.
e5 Nfd7 5. Bd3 c5 6. c3 Nc6 7.
Ne2 cxd4 8. cxd4 f6 9. exf6 Nxf6 10. Nf3 Bd6 11. O-O O-O 12. Bf4 Bxf4 13. Nxf4 Ne4 14. g3 Ng5 15. Nxg5 Qxg5 16. h4 Qf6 17. Qh5 g6 18. Qh6 Nxd4 19. h5 Nf5 20. Bxf5 gxf5 21. Qxf6 Rxf6 22. Rac1 Bd7 23. Rc7 Bc6 24. Re1 Re8 25. Nd3 Rf7 26. Rxf7 Kxf7 27. Ne5+ Kf6 28. f4 Rc8 29. Rc1 Ke7 30. Kf2 Bd7 31. Rxc8 Bxc8 32.
h6 Bd7 33. Ke3 Bb5 34. Kd4 b6 35. b3 Be8 36. a3 Kd6 37. b4 1/2-1/2

[Event "*** SCC Grand Prix: Titled Tuesday Blitz"]
[Site "Chess.com"]
[Date "2020.07.21"]
[Round "8"]
[White "FloMaster111"]
[Black "MasterKroket"]
[Result "0-1"]
[WhiteElo "2279"]
[BlackElo "2411"]
[TimeControl "180+1"]
[EndTime "11:33:35 PDT"]
[Termination "MasterKroket won by resignation"]

1. d4 Nf6 2. Bg5 e6 3. Nd2 c5 4. e3 cxd4 5. exd4 Qb6 6. Nb3 a5 7. a4 Nc6 8. Nf3 Be7 9. c3 h6 10.
Bh4 g5 11. Bg3 Ne4 12. Bd3 Nxg3 13. hxg3 d6 14. Qc2 Bd7 15. O-O-O Rc8 16. Qe2 Qxb3 17. Bb5 Nb4 18. Bxd7+ Kxd7 19. Qb5+ Rc6 20. Ne5+ dxe5 21. Qxb7+ Ke8 22. Rd2 Na2+ 0-1

[Event "*** SCC Grand Prix: Titled Tuesday Blitz"]
[Site "Chess.com"]
[Date "2020.07.21"]
[Round "8"]
[White "ErikRonka"]
[Black "nikitakhoroshev"]
[Result "0-1"]
[WhiteElo "2382"]
[BlackElo "2544"]
[TimeControl "180+1"]
[EndTime "11:33:36 PDT"]
[Termination "nikitakhoroshev won by resignation"]

1. e4 e6 2. d4 d5 3. Nc3 Nc6 4. Nf3 Nf6 5. Bd3 Bb4 6. O-O Bxc3 7. exd5 Nxd4 8. bxc3 Nxf3+ 9. Qxf3 Qxd5 10. Qg3 b6 11. Rd1 Bb7 12. Be2 Qc6 13. a4 O-O 14. Bh6 Qxg2+ 15.
Qxg2 Bxg2 16. Bf4 Be4 17. Bxc7 Rfc8 18. Be5 Bxc2 19. Rd2 Be4 20. Ba6 Rd8 21. Rad1 Rxd2 22. Rxd2 Bc6 23. Bb5 Bxb5 24. axb5 Ne4 25. Rd7 f6 26. Bd4 e5 27. Be3 Nxc3 0-1

[Event "*** SCC Grand Prix: Titled Tuesday Blitz"]
[Site "Chess.com"]
[Date "2020.07.21"]
[Round "8"]
[White "JesseKraai"]
[Black "Bastiandash"]
[Result "1-0"]
[WhiteElo "2528"]
[BlackElo "2367"]
[TimeControl "180+1"]
[EndTime "11:33:36 PDT"]
[Termination "JesseKraai won on time"]

1. Nf3 Nf6 2. c4 e6 3. g3 d5 4. Bg2 Be7 5. O-O O-O 6. d4 b6 7.
cxd5 exd5 8. Nc3 Bb7 9. Bf4 a6 10. Ne5 c5 11. dxc5 bxc5 12. Qb3 Ra7 13. Rfd1 d4 14. Bxb7 Qc7 15. Bf3 dxc3 16. Nc6 Qxc6 17. Bxc6 Nxc6 18. bxc3 Rc8 19. Rab1 g6 20. Qa4 Kg7 21.
Rb6 Nd8 22. Be5 Ne6 23. Rd7 Rac7 24. Rxc7 Rxc7 25. Rxe6 1-0

[Event "*** SCC Grand Prix: Titled Tuesday Blitz"]
[Site "Chess.com"]
[Date "2020.07.21"]
[Round "8"]
[White "harlem4brew"]
[Black "denispopov"]
[Result "0-1"]
[WhiteElo "2094"]
[BlackElo "1819"]
[TimeControl "180+1"]
[EndTime "11:33:37 PDT"]
[Termination "denispopov won by resignation"]

1. d4 Nf6 2. Nf3 g6 3. c3 Bg7 4.
Bf4 O-O 5. Nbd2 d5 6. e3 Nbd7 7. Bd3 Nh5 8. Bg3 Nxg3 9. hxg3 e5 10.
dxe5 Nxe5 11. Nxe5 Bxe5 12. Nf3 Bg7 13. Qc2 c5 14.
O-O-O Qc7 15. Be2 Be6 16. Ng5 Bf5 17. Bd3 Bxd3 18. Qxd3 h6 19. Nf3 Rad8 20. e4 dxe4 21. Qxe4 Rfe8 22. Qc4 a6 23. Nh4 b5 24. Qf4 Qa5 25.
a3 g5 26. Qf5 gxh4 27. Rxh4 Rxd1+ 28. Kxd1 Qd8+ 29. Kc2 Re2+ 30. Kb3 Qe7 31. a4 Qe6+ 32.
Qxe6 fxe6 33. axb5 axb5 34. c4 Rxb2+ 35. Ka3 b4+ 36. Ka4 Rc2 37. Kb5 Bd4 38. Rxd4 cxd4 0-1

[Event "*** SCC Grand Prix: Titled Tuesday Blitz"]
[Site "Chess.com"]
[Date "2020.07.21"]
[Round "8"]
[White "WeAintSurePal"]
[Black "WildTricks"]
[Result "1-0"]
[WhiteElo "2324"]
[BlackElo "2495"]
[TimeControl "180+1"]
[EndTime "11:33:39 PDT"]
[Termination "WeAintSurePal won by resignation"]

1. d4 Nf6 2. Bf4 c5 3. dxc5 Na6 4. Qd4 e6 5. Bd6 Qa5+ 6. Nc3 Nxc5 7. Bxf8 Rxf8 8. b4 Qa3 9. bxc5 Qb2 10. Rd1 b6 11. c6 d5 12. e4 Qxc2 13. Bb5 Kd8 14. exd5 e5 15. c7+ Kxc7 16. Qxe5+ Kb7 17. Qe7+ Bd7 18. Bc6+ Ka6 19. Qa3+ 1-0

[Event "*** SCC Grand Prix: Titled Tuesday Blitz"]
[Site "Chess.com"]
[Date "2020.07.21"]
[Round "8"]
[White "Vision_64"]
[Black "White_Ghost"]
[Result "0-1"]
[WhiteElo "2207"]
[BlackElo "2508"]
[TimeControl "180+1"]
[EndTime "11:33:40 PDT"]
[Termination "White_Ghost won by resignation"]

1. e4 e5 2. Nf3 Nc6 3. Bc4 Nf6 4. Ng5 d5 5. exd5 Nd4 6. c3 b5 7. Bf1 Nxd5 8. cxd4 Qxg5 9. Bxb5+ Kd8 10. Qf3 exd4 11.
Bc6 Nf4 12. Bxa8 Bd6 13. Bc6 Bg4 14. Qe4 f5 15. h4 Qf6 16. Qc2 Qe5+ 17. Kf1 Qe2+ 18.
Kg1 Qe1+ 19. Kh2 Qxf2 20. Rg1 Ne2+ 0-1

[Event "*** SCC Grand Prix: Titled Tuesday Blitz"]
[Site "Chess.com"]
[Date "2020.07.21"]
[Round "8"]
[White "Chuchofrio1"]
[Black "Klavdia_Nik"]
[Result "1-0"]
[WhiteElo "2263"]
[BlackElo "2027"]
[TimeControl "180+1"]
[EndTime "11:33:40 PDT"]
[Termination "Chuchofrio1 won by checkmate"]

1. d4 Nf6 2. c4 c5 3. d5 b5 4. cxb5 a6 5. Nc3 axb5 6. e4 d6 7. Bxb5+ Nfd7 8. Nf3 Ba6 9. O-O Bxb5 10. Nxb5 Qa5 11. a4 Na6 12. Bd2 Qb6 13. Re1 Nc7 14. e5 dxe5 15. Nxe5 Nxe5 16. Rxe5 Nxb5 17. axb5 Rxa1 18.
Qxa1 Qxb5 19. Qa8+ Kd7 20. Ba5 Kd6 21. f4 e6 22. Qd8+ Qd7 23. Bc7# 1-0

[Event "*** SCC Grand Prix: Titled Tuesday Blitz"]
[Site "Chess.com"]
[Date "2020.07.21"]
[Round "8"]
[White "jacky72"]
[Black "jerry_77"]
[Result "1-0"]
[WhiteElo "2627"]
[BlackElo "2365"]
[TimeControl "180+1"]
[EndTime "11:33:49 PDT"]
[Termination "jacky72 won by resignation"]

1. d4 Nf6 2. c4 e6 3. Nf3 d5 4. Nc3 Bb4 5. cxd5 exd5 6. Bg5 O-O 7. Qc2 c6 8. e3 Re8 9. Bd3 h6 10. Bh4 Nbd7 11. h3 Nf8 12. O-O-O Qa5 13. Kb1 Bxc3 14.
Qxc3 Qxc3 15. bxc3 Ne4 16. Bxe4 dxe4 17. Nd2 Be6 18. c4 f5 19. Ka1 b6 20. Rb1 Kf7 21. Rhc1 Nd7 22. Bg3 Rec8 23. f3 Nf6 24. fxe4 Nxe4 25.
Nxe4 fxe4 26. Rf1+ Ke7 27. c5 b5 28. Be5 Kd7 29. Rf4 Rf8 30. Rbf1 Rxf4 31. Rxf4 Rg8 32. Bd6 Bd5 33. Kb2 a5 34. a3 Ra8 35. Rg4 g5 36. h4 Be6 37. Rxe4 gxh4 38. Rxh4 Rg8 39. g3 Rg6 40. e4 Rg4 41. d5 cxd5 42. exd5 Bf5 43. Rxh6 Re4 44. c6+ Ke8 45. Bf4 b4 46. axb4 axb4 47. d6 1-0

[Event "*** SCC Grand Prix: Titled Tuesday Blitz"]
[Site "Chess.com"]
[Date "2020.07.21"]
[Round "8"]
[White "j2806"]
[Black "andy_rekt"]
[Result "0-1"]
[WhiteElo "2052"]
[BlackElo "2229"]
[TimeControl "180+1"]
[EndTime "11:33:51 PDT"]
[Termination "andy_rekt won by resignation"]

1. e4 e6 2. d4 d5 3. exd5 exd5 4.
Bd3 Nc6 5. c3 Bd6 6. h3 Nge7 7.
Nf3 Bf5 8. O-O Qd7 9. Re1 Bxd3 10. Qxd3 O-O 11. Ne5 Bxe5 12. dxe5 Qe6 13. Bf4 Rad8 14.
Nd2 d4 15. Qf3 Nd5 16. Ne4 dxc3 17. Nxc3 Nd4 18. Qe4 Nxf4 19. Qxf4 Nc2 20. Ne4 Nxa1 21. Rxa1 Qb6 22. b3 Rd4 23. Qf3 Qc6 24. Re1 Rfd8 25. Qg4 Qg6 26. Qf3 Re8 27. Nc5 b6 28. Ne4 0-1

[Event "*** SCC Grand Prix: Titled Tuesday Blitz"]
[Site "Chess.com"]
[Date "2020.07.21"]
[Round "8"]
[White "KingCrusher275"]
[Black "ExcitingTrap"]
[Result "1-0"]
[WhiteElo "2396"]
[BlackElo "2220"]
[TimeControl "180+1"]
[EndTime "11:33:52 PDT"]
[Termination "KingCrusher275 won on time"]

1. d4 Nf6 2. c4 g6 3. Nc3 Bg7 4.
e4 d6 5. h3 e5 6. d5 O-O 7. Nf3 c5 8. Be2 Nh5 9. g3 f5 10. exf5 gxf5 11. Nxe5 Nxg3 12. fxg3 Bxe5 13. Bh6 Bxg3+ 14. Kd2 Re8 15. Rg1 Qh4 16. Bh5 Na6 17. Qf3 Qd4+ 18. Kc2 Nb4+ 19. Kb3 f4 20. Bxf4 a5 21.
Bxe8 Bf5 22. Qxg3+ 1-0

[Event "*** SCC Grand Prix: Titled Tuesday Blitz"]
[Site "Chess.com"]
[Date "2020.07.21"]
[Round "8"]
[White "MergenKakabaev"]
[Black "jsl796"]
[Result "0-1"]
[WhiteElo "2496"]
[BlackElo "2888"]
[TimeControl "180+1"]
[EndTime "11:33:54 PDT"]
[Termination "jsl796 won by checkmate"]

1. e4 e5 2. Nf3 Nc6 3. Bb5 a6 4. Ba4 Nf6 5. O-O d6 6. c3 Be7 7. h3 Nxe4 8. d4 Bd7 9. Re1 Nf6 10. dxe5 dxe5 11. Nxe5 Nxe5 12. Rxe5 Bxa4 13. Qxa4+ Qd7 14. Qxd7+ Kxd7 15. Bg5 h6 16. Bxf6 Bxf6 17. Re1 Rhe8 18. Nd2 a5 19. Ne4 Be7 20. Rad1+ Kc6 21. a4 Bf8 22. h4 Re5 23. Ng3 Rxe1+ 24. Rxe1 b5 25. axb5+ Kxb5 26. h5 a4 27. Nf5 Kc4 28. Rd1 Rb8 29. Rd2 c5 30. Kf1 Re8 31. Rd7 Rb8 32. Rxf7 Kb3 33. Ra7 c4 34. Nd4+ Kxb2 35. Rxa4 Kxc3 36. Ne6 Kd3 37. Ra7 Rb1# 0-1